[ AOE2 MATCH · #478667479 ]
UnrankedAztecs vs Italians
[ REPLAY ANALYSIS · EXTRACTED FROM THE RECORDED GAME ]
Feudal
9:44
Castle
13:57
Imperial
26:08
| APM avg | 27.8 |
| APM peak | 83 |
| eAPM avg | 13.5 |
| Villagers / military | 91 / 0 |
Focus
⚔️ 14.2% · 🌾 85.8%
Feudal
8:55
Castle
20:39
Imperial
—
| APM avg | 28.2 |
| APM peak | 70 |
| eAPM avg | 17.5 |
| Villagers / military | 83 / 0 |
Focus
⚔️ 9.2% · 🌾 90.8%
Feudal
11:43
Castle
16:39
Imperial
—
| APM avg | 31.3 |
| APM peak | 70 |
| eAPM avg | 14.4 |
| Villagers / military | 57 / 29 |
Focus
⚔️ 29.0% · 🌾 71.0%
Genoese Crossbowman ×29
Feudal
10:34
Castle
14:33
Imperial
—
| APM avg | 41.7 |
| APM peak | 70 |
| eAPM avg | 15.6 |
| Villagers / military | 111 / 0 |
Focus
⚔️ 13.0% · 🌾 87.0%
Feudal
11:08
Castle
14:24
Imperial
—
| APM avg | 22.9 |
| APM peak | 40 |
| eAPM avg | 14.4 |
| Villagers / military | 80 / 16 |
Focus
⚔️ 15.4% · 🌾 84.6%
Skirmisher ×14 · Archer ×1 · Mangonel ×1
Feudal
11:46
Castle
15:16
Imperial
—
| APM avg | 49.7 |
| APM peak | 114 |
| eAPM avg | 21.3 |
| Villagers / military | 72 / 21 |
Focus
⚔️ 33.5% · 🌾 66.5%
Conquistador ×17 · Petard ×3 · Battering Ram ×1
Match map
Initial resources + every placement click. Lines = walls · curves = elevation contours. ◆ gold · ⬟ stone · ● berries · ✦ relic · ◌ wall gap
Your base· ✓ Closed at 13:57 · 0t walls · 3 gate(s)
PleaseCarryMe's base· ✓ Closed at 20:39 · 0t walls · 2 gate(s)
TGT | TheGogs's base· ✓ Closed at 16:39 · 22t walls · 5 gate(s)
Choong-Jang's base· ✓ Closed at 14:33 · 0t walls · 3 gate(s)
秦墨子's base· ✓ Closed at 14:24 · 0t walls · 2 gate(s)
TGT | Diegote22's base· ✓ Closed at 15:16 · 7t walls · 5 gate(s)
Smoothed initial terrain · ◌ = detected wall gap · hover for details
Inputs per minute
— cэsar - - PleaseCarryMe
Build order — cэsar
First 150 of 172 actions detected
| 0:02 | Create | Villager (Male) |
| 0:02 | Create | Villager (Male) |
| 0:03 | Create | Villager (Male) |
| 0:04 | Build | House |
| 0:05 | Build | House |
| 0:13 | Create | Villager (Male) |
| 0:14 | Create | Villager (Male) |
| 1:20 | Create | Villager (Male) |
| 1:20 | Create | Villager (Male) |
| 1:47 | Build | Lumber Camp |
| 1:53 | Create | Villager (Male) |
| 1:53 | Create | Villager (Male) |
| 2:32 | Create | Villager (Male) |
| 2:32 | Create | Villager (Male) |
| 2:32 | Create | Villager (Male) |
| 3:02 | Build | House |
| 3:04 | Create | Villager (Male) |
| 3:04 | Create | Villager (Male) |
| 3:41 | Create | Villager (Male) |
| 3:41 | Create | Villager (Male) |
| 4:06 | Create | Villager (Male) |
| 4:06 | Create | Villager (Male) |
| 4:18 | Build | Mill |
| 4:54 | Create | Villager (Male) |
| 4:54 | Create | Villager (Male) |
| 4:55 | Create | Villager (Male) |
| 5:41 | Create | Villager (Male) |
| 6:07 | Build | Mill |
| 6:12 | Create | Villager (Male) |
| 6:16 | Build | House |
| 6:34 | Create | Villager (Male) |
| 6:50 | Create | Villager (Male) |
| 7:34 | Research | Feudal Age |
| 7:37 | Build | Mining Camp |
| 9:44 | Age | Feudal Age |
| 9:45 | Create | Villager (Male) |
| 9:46 | Create | Villager (Male) |
| 9:56 | Build | Market |
| 10:05 | Create | Villager (Male) |
| 10:53 | Build | Blacksmith |
| 11:17 | Research | Castle Age |
| 11:38 | Research | Double-Bit Axe |
| 12:11 | Build | House |
| 12:14 | Research | Horse Collar |
| 12:15 | Research | Horse Collar |
| 13:35 | Research | Wheelbarrow |
| 13:57 | Age | Castle Age |
| 14:00 | Build | Town Center |
| 14:03 | Research | Bow Saw |
| 14:21 | Build | Town Center |
| 14:47 | Build | Farm |
| 14:56 | Create | Villager (Male) |
| 15:01 | Build | Farm |
| 15:10 | Create | Villager (Male) |
| 15:25 | Build | House |
| 15:27 | Create | Villager (Male) |
| 15:32 | Build | Farm |
| 15:36 | Create | Villager (Male) |
| 15:46 | Build | Farm |
| 15:48 | Create | Villager (Male) |
| 16:03 | Build | Farm |
| 16:11 | Build | House |
| 16:17 | Build | Farm |
| 16:24 | Build | Farm |
| 16:28 | Create | Villager (Male) |
| 16:29 | Create | Villager (Male) |
| 16:40 | Build | Farm |
| 16:45 | Create | Villager (Male) |
| 16:46 | Create | Villager (Male) |
| 16:50 | Create | Villager (Male) |
| 17:00 | Build | Farm |
| 17:01 | Build | Farm |
| 17:05 | Build | House |
| 17:16 | Build | Farm |
| 17:22 | Create | Villager (Male) |
| 17:22 | Create | Villager (Male) |
| 17:27 | Create | Villager (Male) |
| 17:27 | Create | Villager (Male) |
| 17:35 | Build | Farm |
| 17:37 | Create | Villager (Male) |
| 17:46 | Build | Farm |
| 17:49 | Build | Farm |
| 17:50 | Build | House |
| 17:53 | Create | Villager (Male) |
| 18:02 | Create | Villager (Male) |
| 18:03 | Create | Villager (Male) |
| 18:03 | Create | Villager (Male) |
| 18:12 | Build | Farm |
| 18:18 | Build | Farm |
| 18:23 | Create | Villager (Male) |
| 18:24 | Create | Villager (Male) |
| 18:29 | Build | Farm |
| 18:35 | Create | Villager (Male) |
| 18:41 | Build | Farm |
| 18:47 | Create | Villager (Male) |
| 18:57 | Build | Farm |
| 19:01 | Create | Villager (Male) |
| 19:03 | Create | Villager (Male) |
| 19:07 | Create | Villager (Male) |
| 19:18 | Build | Farm |
| 19:23 | Create | Villager (Male) |
| 19:26 | Create | Villager (Male) |
| 19:29 | Build | Farm |
| 19:34 | Build | House |
| 19:38 | Create | Villager (Male) |
| 19:41 | Create | Villager (Male) |
| 19:41 | Create | Villager (Male) |
| 19:44 | Create | Villager (Male) |
| 19:45 | Build | Farm |
| 19:53 | Create | Villager (Male) |
| 19:54 | Create | Villager (Male) |
| 19:55 | Build | Farm |
| 19:58 | Build | Farm |
| 20:02 | Create | Villager (Male) |
| 20:07 | Build | Farm |
| 20:09 | Create | Villager (Male) |
| 20:14 | Build | House |
| 20:18 | Create | Villager (Male) |
| 20:22 | Create | Villager (Male) |
| 20:28 | Build | Farm |
| 20:30 | Build | Farm |
| 20:33 | Create | Villager (Male) |
| 20:34 | Create | Villager (Male) |
| 20:51 | Create | Villager (Male) |
| 20:52 | Create | Villager (Male) |
| 20:53 | Create | Villager (Male) |
| 20:54 | Build | Farm |
| 21:00 | Create | Villager (Male) |
| 21:02 | Build | Farm |
| 21:06 | Build | House |
| 21:07 | Build | House |
| 21:26 | Build | Monastery |
| 21:28 | Create | Villager (Male) |
| 21:32 | Create | Villager (Male) |
| 21:37 | Create | Villager (Male) |
| 21:50 | Create | Villager (Male) |
| 21:55 | Build | University |
| 22:00 | Create | Villager (Male) |
| 22:01 | Create | Villager (Male) |
| 22:02 | Create | Villager (Male) |
| 22:06 | Build | House |
| 22:07 | Build | House |
| 22:08 | Build | House |
| 22:12 | Build | Farm |
| 22:19 | Build | Farm |
| 22:51 | Build | Barracks |
| 22:58 | Research | Imperial Age |
| 22:58 | Research | Imperial Age |
| 23:03 | Build | Mining Camp |
| 23:06 | Create | Villager (Male) |
Build order — PleaseCarryMe
First 150 of 157 actions detected
| 0:01 | Create | Villager (Male) |
| 0:01 | Create | Villager (Male) |
| 0:01 | Create | Villager (Male) |
| 0:02 | Create | Villager (Male) |
| 0:03 | Build | House |
| 0:06 | Build | House |
| 1:26 | Create | Villager (Male) |
| 1:26 | Create | Villager (Male) |
| 1:52 | Create | Villager (Male) |
| 1:52 | Create | Villager (Male) |
| 2:10 | Build | Lumber Camp |
| 2:32 | Create | Villager (Male) |
| 2:33 | Create | Villager (Male) |
| 2:53 | Create | Villager (Male) |
| 3:22 | Create | Villager (Male) |
| 3:22 | Create | Villager (Male) |
| 3:22 | Create | Villager (Male) |
| 3:45 | Create | Villager (Male) |
| 3:45 | Create | Villager (Male) |
| 3:46 | Create | Villager (Male) |
| 3:46 | Create | Villager (Male) |
| 3:52 | Build | House |
| 4:58 | Create | Villager (Male) |
| 4:58 | Create | Villager (Male) |
| 5:09 | Build | Mining Camp |
| 5:36 | Create | Villager (Male) |
| 5:37 | Research | Loom |
| 6:45 | Research | Feudal Age |
| 6:45 | Research | Feudal Age |
| 6:45 | Research | Feudal Age |
| 6:48 | Build | House |
| 8:02 | Build | House |
| 8:14 | Create | Villager (Male) |
| 8:55 | Age | Feudal Age |
| 8:58 | Build | Watch Tower |
| 9:00 | Create | Villager (Male) |
| 9:05 | Build | Blacksmith |
| 9:11 | Research | Double-Bit Axe |
| 9:40 | Build | Mill |
| 9:43 | Create | Villager (Male) |
| 9:46 | Research | Fletching |
| 9:47 | Research | Fletching |
| 10:14 | Create | Villager (Male) |
| 10:14 | Create | Villager (Male) |
| 10:18 | Create | Villager (Male) |
| 10:19 | Create | Villager (Male) |
| 10:19 | Create | Villager (Male) |
| 10:19 | Create | Villager (Male) |
| 11:02 | Create | Villager (Male) |
| 11:03 | Create | Villager (Male) |
| 11:24 | Build | Watch Tower |
| 11:29 | Create | Villager (Male) |
| 11:29 | Create | Villager (Male) |
| 11:35 | Build | House |
| 11:46 | Create | Villager (Male) |
| 12:04 | Research | Horse Collar |
| 12:16 | Build | Farm |
| 12:19 | Build | Farm |
| 12:50 | Build | Watch Tower |
| 12:53 | Create | Villager (Male) |
| 12:53 | Create | Villager (Male) |
| 12:53 | Create | Villager (Male) |
| 12:57 | Build | Farm |
| 12:58 | Build | Farm |
| 13:08 | Build | House |
| 13:09 | Build | House |
| 13:24 | Create | Villager (Male) |
| 14:10 | Create | Villager (Male) |
| 14:11 | Create | Villager (Male) |
| 14:15 | Build | Farm |
| 14:23 | Build | Farm |
| 14:23 | Create | Villager (Male) |
| 14:30 | Create | Villager (Male) |
| 15:21 | Create | Villager (Male) |
| 15:22 | Create | Villager (Male) |
| 15:27 | Build | Mining Camp |
| 15:31 | Create | Villager (Male) |
| 15:33 | Build | Farm |
| 15:33 | Build | Farm |
| 15:52 | Create | Villager (Male) |
| 16:06 | Build | Market |
| 16:23 | Build | Lumber Camp |
| 17:26 | Build | Mill |
| 17:31 | Build | Farm |
| 17:59 | Research | Castle Age |
| 18:27 | Build | Outpost |
| 18:33 | Build | Outpost |
| 18:37 | Build | Outpost |
| 18:50 | Build | Outpost |
| 19:15 | Research | Gold Mining |
| 20:01 | Create | Villager (Male) |
| 20:01 | Create | Villager (Male) |
| 20:39 | Age | Castle Age |
| 20:51 | Build | Castle |
| 20:58 | Create | Villager (Male) |
| 20:59 | Create | Villager (Male) |
| 21:00 | Research | Heavy Plow |
| 21:06 | Build | Town Center |
| 21:11 | Research | Bow Saw |
| 21:15 | Build | Lumber Camp |
| 21:19 | Create | Villager (Male) |
| 21:43 | Create | Villager (Male) |
| 22:00 | Create | Villager (Male) |
| 22:03 | Create | Villager (Male) |
| 22:03 | Create | Villager (Male) |
| 22:04 | Create | Villager (Male) |
| 22:04 | Create | Villager (Male) |
| 22:31 | Build | Farm |
| 22:32 | Build | Farm |
| 22:33 | Build | Farm |
| 22:34 | Build | Farm |
| 22:35 | Build | Farm |
| 22:38 | Build | Farm |
| 22:45 | Create | Villager (Male) |
| 23:17 | Create | Villager (Male) |
| 23:19 | Create | Villager (Male) |
| 23:23 | Build | Town Center |
| 23:32 | Create | Villager (Male) |
| 23:33 | Create | Villager (Male) |
| 23:35 | Build | Farm |
| 23:36 | Build | Farm |
| 23:41 | Build | Farm |
| 23:58 | Create | Villager (Male) |
| 24:06 | Create | Villager (Male) |
| 24:10 | Create | Villager (Male) |
| 24:10 | Create | Villager (Male) |
| 24:17 | Build | Mill |
| 24:23 | Create | Villager (Male) |
| 24:23 | Create | Villager (Male) |
| 24:30 | Create | Villager (Male) |
| 24:31 | Create | Villager (Male) |
| 24:32 | Build | Farm |
| 24:51 | Create | Villager (Male) |
| 24:54 | Build | Farm |
| 24:55 | Build | Farm |
| 24:56 | Build | Farm |
| 24:57 | Build | Farm |
| 24:58 | Build | Farm |
| 25:01 | Create | Villager (Male) |
| 25:02 | Build | Farm |
| 25:03 | Build | Farm |
| 25:06 | Create | Villager (Male) |
| 25:07 | Create | Villager (Male) |
| 25:08 | Create | Villager (Male) |
| 25:19 | Create | Villager (Male) |
| 25:19 | Create | Villager (Male) |
| 25:45 | Build | Town Center |
| 25:49 | Create | Villager (Male) |
| 25:49 | Create | Villager (Male) |
| 25:50 | Create | Villager (Male) |
Build order — TGT | TheGogs
145 actions detected in the replay
| 0:00 | Create | Villager (Male) |
| 0:01 | Create | Villager (Male) |
| 0:01 | Create | Villager (Male) |
| 0:02 | Create | Villager (Male) |
| 0:02 | Create | Villager (Male) |
| 0:04 | Build | House |
| 0:05 | Build | House |
| 1:31 | Create | Villager (Male) |
| 1:31 | Create | Villager (Male) |
| 1:46 | Build | Lumber Camp |
| 1:57 | Create | Villager (Male) |
| 1:58 | Create | Villager (Male) |
| 2:33 | Create | Villager (Male) |
| 2:35 | Create | Villager (Male) |
| 2:35 | Create | Villager (Male) |
| 2:59 | Create | Villager (Male) |
| 2:59 | Create | Villager (Male) |
| 3:28 | Build | House |
| 3:29 | Build | House |
| 3:45 | Create | Villager (Male) |
| 3:58 | Build | Mill |
| 4:13 | Create | Villager (Male) |
| 4:14 | Create | Villager (Male) |
| 4:34 | Create | Villager (Male) |
| 4:56 | Create | Villager (Male) |
| 5:09 | Create | Villager (Male) |
| 5:09 | Create | Villager (Male) |
| 5:32 | Create | Villager (Male) |
| 5:54 | Create | Villager (Male) |
| 6:11 | Create | Villager (Male) |
| 6:12 | Create | Villager (Male) |
| 6:22 | Build | Mill |
| 6:49 | Create | Villager (Male) |
| 7:31 | Build | House |
| 7:39 | Create | Villager (Male) |
| 8:02 | Create | Villager (Male) |
| 8:28 | Create | Villager (Male) |
| 8:37 | Build | Mining Camp |
| 8:54 | Research | Feudal Age |
| 9:04 | Research | Loom |
| 9:25 | Build | House |
| 9:26 | Create | Villager (Male) |
| 9:28 | Build | Mining Camp |
| 9:32 | Research | Feudal Age |
| 9:49 | Build | House |
| 9:54 | Build | Palisade Wall |
| 10:06 | Build | Palisade Wall |
| 10:19 | Build | Palisade Wall |
| 10:32 | Build | Palisade Wall |
| 11:26 | Create | Villager (Male) |
| 11:43 | Age | Feudal Age |
| 11:49 | Build | Watch Tower |
| 11:56 | Build | Market |
| 11:58 | Build | Blacksmith |
| 12:02 | Build | House |
| 12:06 | Build | Palisade Wall |
| 12:07 | Build | Palisade Wall |
| 12:07 | Build | Palisade Wall |
| 12:08 | Build | Palisade Wall |
| 12:08 | Build | Palisade Wall |
| 12:08 | Build | Palisade Wall |
| 12:09 | Build | Palisade Wall |
| 12:09 | Build | Palisade Wall |
| 12:09 | Build | Palisade Wall |
| 12:12 | Create | Villager (Male) |
| 12:19 | Build | Gate |
| 12:25 | Build | Gate |
| 12:27 | Create | Villager (Male) |
| 12:41 | Create | Villager (Male) |
| 12:53 | Create | Villager (Male) |
| 12:55 | Create | Villager (Male) |
| 13:08 | Build | Blacksmith |
| 13:42 | Build | Gate |
| 13:50 | Build | Gate |
| 13:51 | Create | Villager (Male) |
| 13:59 | Research | Castle Age |
| 14:00 | Create | Villager (Male) |
| 14:07 | Build | Mining Camp |
| 14:23 | Research | Fletching |
| 14:25 | Create | Villager (Male) |
| 14:33 | Build | Gate |
| 14:34 | Create | Villager (Male) |
| 14:55 | Build | Market |
| 15:38 | Build | Watch Tower |
| 16:07 | Build | Farm |
| 16:08 | Build | Farm |
| 16:09 | Build | Farm |
| 16:38 | Create | Villager (Male) |
| 16:39 | Age | Castle Age |
| 17:00 | Build | House |
| 17:20 | Create | Villager (Male) |
| 17:44 | Build | Castle |
| 18:10 | Build | Farm |
| 18:40 | Create | Genoese Crossbowman |
| 19:04 | Create | Genoese Crossbowman |
| 19:04 | Create | Genoese Crossbowman |
| 19:22 | Create | Villager (Male) |
| 19:23 | Create | Genoese Crossbowman |
| 19:34 | Create | Genoese Crossbowman |
| 19:58 | Create | Genoese Crossbowman |
| 20:10 | Create | Genoese Crossbowman |
| 20:19 | Create | Villager (Male) |
| 20:31 | Create | Genoese Crossbowman |
| 20:47 | Create | Genoese Crossbowman |
| 21:11 | Create | Genoese Crossbowman |
| 21:12 | Create | Villager (Male) |
| 21:16 | Build | Farm |
| 21:33 | Create | Genoese Crossbowman |
| 21:38 | Create | Genoese Crossbowman |
| 21:56 | Create | Villager (Male) |
| 21:58 | Create | Genoese Crossbowman |
| 22:02 | Create | Genoese Crossbowman |
| 22:25 | Build | Castle |
| 22:31 | Create | Genoese Crossbowman |
| 22:38 | Create | Villager (Male) |
| 22:39 | Create | Genoese Crossbowman |
| 22:56 | Create | Genoese Crossbowman |
| 23:05 | Create | Villager (Male) |
| 23:09 | Build | Farm |
| 23:27 | Create | Villager (Male) |
| 23:28 | Create | Genoese Crossbowman |
| 23:34 | Build | House |
| 23:45 | Create | Villager (Male) |
| 23:47 | Create | Genoese Crossbowman |
| 23:54 | Build | House |
| 24:10 | Create | Villager (Male) |
| 24:20 | Create | Genoese Crossbowman |
| 24:25 | Build | Farm |
| 24:31 | Create | Villager (Male) |
| 24:41 | Create | Villager (Male) |
| 24:44 | Create | Genoese Crossbowman |
| 24:47 | Create | Genoese Crossbowman |
| 25:04 | Create | Genoese Crossbowman |
| 25:19 | Research | Bodkin Arrow |
| 25:22 | Create | Genoese Crossbowman |
| 25:33 | Create | Villager (Male) |
| 25:36 | Create | Genoese Crossbowman |
| 25:46 | Create | Genoese Crossbowman |
| 25:47 | Create | Villager (Male) |
| 26:00 | Create | Genoese Crossbowman |
| 26:08 | Create | Genoese Crossbowman |
| 26:18 | Create | Villager (Male) |
| 26:19 | Create | Genoese Crossbowman |
| 26:26 | Build | Farm |
| 26:29 | Create | Villager (Male) |
Build order — Choong-Jang
First 150 of 204 actions detected
| 0:03 | Create | Villager (Male) |
| 0:04 | Create | Villager (Male) |
| 0:04 | Create | Villager (Male) |
| 0:04 | Create | Villager (Male) |
| 0:04 | Create | Villager (Male) |
| 0:06 | Build | House |
| 0:09 | Build | House |
| 1:40 | Create | Villager (Male) |
| 1:48 | Build | Lumber Camp |
| 1:55 | Create | Villager (Male) |
| 2:25 | Create | Villager (Male) |
| 2:48 | Create | Villager (Male) |
| 3:11 | Create | Villager (Male) |
| 3:37 | Create | Villager (Male) |
| 3:54 | Build | House |
| 3:55 | Build | House |
| 4:07 | Create | Villager (Male) |
| 4:26 | Create | Villager (Male) |
| 5:00 | Create | Villager (Male) |
| 5:25 | Build | Mill |
| 5:27 | Create | Villager (Male) ×2 |
| 5:58 | Build | Farm |
| 6:10 | Create | Villager (Male) ×3 |
| 6:15 | Build | Farm |
| 6:25 | Build | Farm |
| 6:31 | Build | Farm |
| 7:15 | Build | Mill |
| 7:20 | Create | Villager (Male) |
| 7:20 | Create | Villager (Male) |
| 8:17 | Research | Feudal Age |
| 8:28 | Build | Mining Camp |
| 9:37 | Build | House |
| 9:59 | Create | Villager (Male) |
| 10:00 | Create | Villager (Male) |
| 10:34 | Age | Feudal Age |
| 10:37 | Build | Market |
| 11:11 | Build | Blacksmith |
| 11:25 | Create | Villager (Male) |
| 11:53 | Research | Castle Age |
| 12:11 | Research | Double-Bit Axe |
| 12:20 | Build | Lumber Camp |
| 12:40 | Build | House |
| 14:09 | Create | Villager (Male) |
| 14:33 | Age | Castle Age |
| 14:37 | Build | Town Center |
| 14:45 | Build | Town Center |
| 14:52 | Create | Villager (Male) |
| 15:13 | Create | Villager (Male) |
| 15:25 | Research | Bow Saw |
| 15:25 | Create | Villager (Male) |
| 15:33 | Build | Farm |
| 15:41 | Research | Horse Collar |
| 15:44 | Build | Farm |
| 15:48 | Create | Villager (Male) |
| 15:57 | Build | Farm |
| 15:57 | Create | Villager (Male) |
| 16:04 | Build | Farm |
| 16:07 | Create | Villager (Male) |
| 16:12 | Build | Farm |
| 16:14 | Create | Villager (Male) ×5 |
| 16:20 | Build | Farm |
| 16:22 | Build | Farm |
| 16:25 | Create | Villager (Male) |
| 16:30 | Build | House |
| 16:33 | Build | House |
| 16:37 | Build | Farm |
| 16:39 | Build | Farm |
| 16:41 | Create | Villager (Male) |
| 16:45 | Build | Farm |
| 16:49 | Build | Farm |
| 16:55 | Build | Farm |
| 17:01 | Build | Farm |
| 17:04 | Create | Villager (Male) |
| 17:05 | Build | Farm |
| 17:08 | Create | Villager (Male) |
| 17:11 | Build | Farm |
| 17:14 | Build | House |
| 17:14 | Build | House |
| 17:18 | Build | Farm |
| 17:20 | Build | Farm |
| 17:23 | Create | Villager (Male) |
| 17:33 | Create | Villager (Male) |
| 17:41 | Build | Farm |
| 17:42 | Build | Farm |
| 17:48 | Create | Villager (Male) ×2 |
| 18:05 | Create | Villager (Male) |
| 18:08 | Build | Town Center |
| 18:16 | Create | Villager (Male) ×2 |
| 18:19 | Build | Farm |
| 18:20 | Create | Villager (Male) |
| 18:25 | Create | Villager (Male) |
| 18:34 | Build | Farm |
| 18:36 | Build | House |
| 18:37 | Build | House |
| 18:38 | Build | House |
| 18:39 | Create | Villager (Male) ×2 |
| 18:42 | Build | Farm |
| 18:49 | Build | Farm |
| 18:51 | Build | Farm |
| 18:54 | Create | Villager (Male) ×2 |
| 18:57 | Build | Farm |
| 19:00 | Build | Farm |
| 19:05 | Create | Villager (Male) |
| 19:08 | Build | Farm |
| 19:11 | Build | Farm |
| 19:15 | Build | Farm |
| 19:16 | Build | Farm |
| 19:19 | Create | Villager (Male) ×2 |
| 19:30 | Create | Villager (Male) |
| 19:33 | Build | Farm |
| 19:34 | Build | Farm |
| 19:35 | Create | Villager (Male) ×2 |
| 19:51 | Build | Lumber Camp |
| 19:58 | Create | Villager (Male) ×4 |
| 20:01 | Build | Farm |
| 20:02 | Build | Farm |
| 20:05 | Build | House |
| 20:06 | Build | House |
| 20:16 | Build | House |
| 20:28 | Research | Wheelbarrow |
| 20:29 | Create | Villager (Male) ×3 |
| 20:35 | Research | Heavy Plow |
| 20:40 | Build | Farm |
| 20:42 | Build | Farm |
| 20:45 | Create | Villager (Male) ×3 |
| 20:54 | Create | Villager (Male) |
| 21:02 | Build | Mill |
| 21:03 | Build | Farm |
| 21:03 | Build | Farm |
| 21:03 | Build | Farm |
| 21:03 | Build | Farm |
| 21:03 | Build | Farm |
| 21:04 | Build | Farm |
| 21:04 | Build | Farm |
| 21:04 | Build | Farm |
| 21:06 | Create | Villager (Male) ×4 |
| 21:18 | Build | Farm |
| 21:20 | Build | Farm |
| 21:23 | Create | Villager (Male) ×2 |
| 21:28 | Build | Farm |
| 21:46 | Create | Villager (Male) |
| 21:51 | Build | Farm |
| 21:52 | Build | Farm |
| 21:56 | Create | Villager (Male) ×5 |
| 22:02 | Build | House |
| 22:03 | Build | House |
| 22:04 | Build | House |
| 22:05 | Build | House |
| 22:11 | Build | Farm |
| 22:12 | Build | Farm |
Build order — 秦墨子
First 150 of 172 actions detected
| 0:01 | Create | Villager (Male) |
| 0:01 | Create | Villager (Male) |
| 0:02 | Create | Villager (Male) |
| 0:03 | Build | House |
| 0:05 | Build | House |
| 0:16 | Create | Villager (Male) |
| 0:16 | Create | Villager (Male) |
| 0:16 | Create | Villager (Male) |
| 1:34 | Create | Villager (Male) |
| 1:35 | Create | Villager (Male) |
| 2:04 | Create | Villager (Male) |
| 2:04 | Create | Villager (Male) |
| 2:04 | Create | Villager (Male) |
| 3:07 | Create | Villager (Male) |
| 3:10 | Create | Villager (Male) |
| 3:10 | Create | Villager (Male) |
| 3:17 | Create | Villager (Male) |
| 3:17 | Create | Villager (Male) |
| 3:45 | Build | House |
| 3:46 | Build | House |
| 3:48 | Create | Villager (Male) |
| 3:48 | Create | Villager (Male) |
| 4:00 | Create | Villager (Male) |
| 4:02 | Build | Lumber Camp |
| 4:34 | Build | House |
| 4:39 | Create | Villager (Male) |
| 4:39 | Create | Villager (Male) |
| 5:05 | Create | Villager (Male) |
| 5:06 | Create | Villager (Male) |
| 5:13 | Create | Villager (Male) |
| 5:26 | Create | Villager (Male) |
| 5:27 | Create | Villager (Male) |
| 5:27 | Create | Villager (Male) |
| 5:46 | Create | Villager (Male) |
| 5:47 | Create | Villager (Male) |
| 6:01 | Build | Mill |
| 6:04 | Create | Villager (Male) |
| 6:21 | Create | Villager (Male) |
| 6:21 | Create | Villager (Male) |
| 6:59 | Build | Mill |
| 7:58 | Build | Mining Camp |
| 8:51 | Research | Feudal Age |
| 10:27 | Build | Farm |
| 10:30 | Build | Farm |
| 10:58 | Create | Villager (Male) |
| 10:58 | Create | Villager (Male) |
| 11:08 | Age | Feudal Age |
| 11:11 | Build | Market |
| 11:15 | Build | Blacksmith |
| 11:54 | Research | Double-Bit Axe |
| 11:58 | Research | Castle Age |
| 12:06 | Build | House |
| 12:17 | Research | Horse Collar |
| 12:52 | Build | Farm |
| 12:55 | Build | Farm |
| 12:59 | Build | Farm |
| 13:03 | Build | Farm |
| 13:34 | Create | Villager (Male) |
| 13:35 | Create | Villager (Male) |
| 14:24 | Age | Castle Age |
| 14:27 | Build | Town Center |
| 14:36 | Create | Villager (Male) |
| 14:47 | Build | Town Center |
| 15:09 | Research | Bow Saw |
| 15:12 | Create | Villager (Male) |
| 15:22 | Build | House |
| 15:23 | Build | House |
| 15:44 | Research | Heavy Plow |
| 15:45 | Create | Villager (Male) |
| 15:53 | Research | Wheelbarrow |
| 16:11 | Create | Villager (Male) |
| 16:31 | Build | House |
| 16:35 | Build | House |
| 16:42 | Build | Barracks |
| 16:43 | Create | Villager (Male) |
| 16:48 | Build | House |
| 16:49 | Build | House |
| 16:50 | Build | House |
| 16:56 | Build | House |
| 17:00 | Build | House |
| 17:01 | Build | House |
| 17:04 | Create | Villager (Male) |
| 17:15 | Build | Farm |
| 17:18 | Build | Farm |
| 17:21 | Create | Villager (Male) |
| 17:34 | Build | Archery Range |
| 17:35 | Create | Villager (Male) |
| 17:47 | Build | Farm |
| 17:49 | Build | Farm |
| 17:55 | Build | Farm |
| 18:10 | Build | Farm |
| 18:13 | Build | Farm |
| 18:17 | Build | Farm |
| 18:25 | Create | Skirmisher |
| 18:25 | Create | Skirmisher |
| 18:27 | Create | Villager (Male) |
| 18:40 | Research | Town Watch |
| 18:41 | Research | Loom |
| 18:45 | Create | Skirmisher |
| 18:48 | Build | Archery Range |
| 18:53 | Research | Fletching |
| 18:54 | Research | Padded Archer Armor |
| 19:08 | Create | Villager (Male) |
| 19:13 | Create | Skirmisher |
| 19:14 | Create | Skirmisher |
| 19:18 | Create | Archer |
| 19:35 | Build | Watch Tower |
| 19:39 | Create | Skirmisher |
| 19:39 | Create | Skirmisher |
| 20:15 | Build | Farm |
| 20:38 | Research | Thumb Ring |
| 20:53 | Build | Archery Range |
| 21:12 | Build | Siege Workshop |
| 21:47 | Research | Elite Skirmisher (upgrade) |
| 21:56 | Create | Villager (Male) |
| 21:57 | Create | Villager (Male) |
| 22:05 | Create | Villager (Male) |
| 22:05 | Create | Villager (Male) |
| 22:06 | Create | Villager (Male) |
| 22:06 | Create | Villager (Male) |
| 22:07 | Create | Villager (Male) |
| 22:27 | Research | Bodkin Arrow |
| 22:27 | Research | Bodkin Arrow |
| 22:38 | Create | Villager (Male) |
| 22:40 | Build | House |
| 22:50 | Create | Villager (Male) |
| 22:50 | Create | Villager (Male) |
| 22:57 | Create | Villager (Male) |
| 23:09 | Create | Villager (Male) |
| 23:25 | Create | Mangonel |
| 23:38 | Create | Villager (Male) |
| 23:38 | Create | Villager (Male) |
| 23:39 | Create | Villager (Male) |
| 23:39 | Create | Villager (Male) |
| 23:39 | Create | Villager (Male) |
| 23:39 | Create | Villager (Male) |
| 24:01 | Research | Padded Archer Armor |
| 24:01 | Research | Padded Archer Armor |
| 24:08 | Create | Villager (Male) |
| 24:09 | Create | Villager (Male) |
| 24:12 | Create | Skirmisher |
| 24:12 | Create | Skirmisher |
| 24:18 | Build | House |
| 24:19 | Build | House |
| 24:20 | Build | House |
| 24:21 | Build | House |
| 24:22 | Build | House |
| 24:25 | Build | House |
| 24:35 | Create | Villager (Male) |
| 24:35 | Create | Villager (Male) |
Build order — TGT | Diegote22
First 150 of 165 actions detected
| 0:01 | Create | Villager (Male) |
| 0:01 | Create | Villager (Male) |
| 0:02 | Create | Villager (Male) |
| 0:02 | Create | Villager (Male) |
| 0:02 | Create | Villager (Male) |
| 0:04 | Build | House |
| 0:06 | Build | House |
| 0:09 | Build | House |
| 1:27 | Create | Villager (Male) |
| 1:27 | Create | Villager (Male) |
| 1:49 | Create | Villager (Male) |
| 1:49 | Create | Villager (Male) |
| 1:58 | Build | Lumber Camp |
| 2:30 | Research | Loom |
| 2:49 | Create | Villager (Male) |
| 2:49 | Create | Villager (Male) |
| 2:55 | Create | Villager (Male) |
| 2:55 | Create | Villager (Male) |
| 3:10 | Create | Villager (Male) |
| 3:10 | Create | Villager (Male) |
| 3:34 | Create | Villager (Male) |
| 4:05 | Create | Villager (Male) |
| 4:05 | Create | Villager (Male) |
| 4:26 | Build | Palisade Wall |
| 4:28 | Build | Palisade Wall |
| 4:29 | Build | Palisade Wall |
| 4:31 | Build | Palisade Wall |
| 4:36 | Build | Palisade Gate |
| 4:38 | Build | Palisade Wall |
| 4:54 | Build | Palisade Gate |
| 4:57 | Create | Villager (Male) |
| 4:58 | Create | Villager (Male) |
| 5:05 | Build | Palisade Gate |
| 5:14 | Build | Palisade Wall |
| 5:23 | Create | Villager (Male) |
| 5:29 | Build | Palisade Wall |
| 5:42 | Build | Mill |
| 6:03 | Create | Villager (Male) |
| 6:07 | Build | House |
| 6:21 | Create | Villager (Male) |
| 6:22 | Create | Villager (Male) |
| 6:36 | Create | Villager (Male) |
| 7:36 | Create | Villager (Male) |
| 7:40 | Create | Villager (Male) |
| 7:47 | Create | Villager (Male) |
| 7:55 | Create | Villager (Male) |
| 7:59 | Build | Farm |
| 8:01 | Build | Farm |
| 8:09 | Build | Farm |
| 8:09 | Create | Villager (Male) |
| 8:10 | Create | Villager (Male) |
| 8:13 | Create | Villager (Male) |
| 8:20 | Build | House |
| 8:22 | Create | Villager (Male) |
| 8:30 | Create | Villager (Male) |
| 8:34 | Create | Villager (Male) |
| 8:56 | Build | Mining Camp |
| 9:16 | Research | Feudal Age |
| 9:49 | Build | Mining Camp |
| 11:04 | Create | Villager (Male) |
| 11:05 | Create | Villager (Male) |
| 11:46 | Age | Feudal Age |
| 11:49 | Build | Market |
| 11:50 | Build | Blacksmith |
| 12:29 | Build | House |
| 12:35 | Research | Castle Age |
| 13:14 | Research | Double-Bit Axe |
| 13:16 | Research | Horse Collar |
| 13:58 | Build | Farm |
| 14:00 | Build | Farm |
| 14:02 | Build | Farm |
| 14:10 | Create | Villager (Male) |
| 15:15 | Create | Villager (Male) |
| 15:16 | Age | Castle Age |
| 15:23 | Build | Castle |
| 15:25 | Build | Mining Camp |
| 15:30 | Research | Bow Saw |
| 15:31 | Create | Villager (Male) |
| 15:52 | Create | Villager (Male) |
| 16:11 | Build | Palisade Wall |
| 16:13 | Build | Palisade Gate |
| 16:17 | Build | Palisade Wall |
| 16:28 | Create | Villager (Male) |
| 16:41 | Create | Villager (Male) |
| 16:53 | Create | Conquistador |
| 16:54 | Create | Conquistador |
| 16:56 | Create | Villager (Male) |
| 17:00 | Build | Farm |
| 17:08 | Build | Farm |
| 17:09 | Build | Farm |
| 17:17 | Create | Conquistador |
| 17:36 | Create | Villager (Male) |
| 17:37 | Create | Conquistador |
| 17:40 | Build | Farm |
| 17:41 | Build | Farm |
| 17:56 | Create | Villager (Male) |
| 18:00 | Build | House |
| 18:02 | Research | Town Watch |
| 18:03 | Create | Conquistador |
| 18:21 | Create | Villager (Male) |
| 18:35 | Build | Farm |
| 18:37 | Build | Farm |
| 18:38 | Create | Conquistador |
| 18:51 | Build | Siege Workshop |
| 18:52 | Create | Villager (Male) |
| 19:05 | Create | Conquistador |
| 19:12 | Create | Villager (Male) |
| 19:36 | Build | Farm |
| 19:39 | Create | Conquistador |
| 19:51 | Build | House |
| 19:51 | Create | Villager (Male) |
| 20:13 | Create | Petard |
| 20:14 | Create | Petard |
| 20:20 | Build | House |
| 20:23 | Create | Battering Ram |
| 20:27 | Create | Villager (Male) |
| 20:37 | Create | Petard |
| 20:51 | Create | Villager (Male) |
| 20:51 | Create | Villager (Male) |
| 21:09 | Create | Conquistador |
| 21:10 | Create | Conquistador |
| 21:10 | Create | Villager (Male) |
| 21:35 | Create | Villager (Male) |
| 21:36 | Create | Conquistador |
| 21:36 | Create | Conquistador |
| 21:59 | Create | Conquistador |
| 22:12 | Create | Villager (Male) |
| 22:16 | Build | House |
| 22:22 | Create | Conquistador |
| 22:35 | Create | Conquistador |
| 22:58 | Create | Villager (Male) |
| 22:58 | Create | Villager (Male) |
| 23:09 | Build | Lumber Camp |
| 23:12 | Build | Farm |
| 23:14 | Build | Farm |
| 23:21 | Create | Villager (Male) |
| 23:21 | Create | Villager (Male) |
| 23:46 | Create | Villager (Male) |
| 23:49 | Create | Villager (Male) |
| 24:02 | Build | Castle |
| 24:16 | Create | Villager (Male) |
| 24:17 | Create | Villager (Male) |
| 24:18 | Create | Conquistador |
| 24:19 | Create | Conquistador |
| 24:31 | Create | Villager (Male) |
| 24:31 | Create | Villager (Male) |
| 24:37 | Create | Villager (Male) |
| 24:41 | Build | Castle |
| 24:46 | Build | Farm |
| 24:46 | Build | Farm |
Match timeline
| 4:26 | TGT | Diegote22 · wall_segment Palisade Wall x1 |
| 4:28 | TGT | Diegote22 · wall_segment Palisade Wall x1 |
| 4:29 | TGT | Diegote22 · wall_segment Palisade Wall x1 |
| 4:31 | TGT | Diegote22 · wall_segment Palisade Wall x1 |
| 4:38 | TGT | Diegote22 · wall_segment Palisade Wall x1 |
| 5:14 | TGT | Diegote22 · wall_segment Palisade Wall x1 |
| 5:29 | TGT | Diegote22 · wall_segment Palisade Wall x1 |
| 8:55 | PleaseCarryMe · age_up feudal |
| 9:44 | cэsar · age_up feudal |
| 9:54 | TGT | TheGogs · wall_segment Palisade Wall x4 |
| 10:06 | TGT | TheGogs · wall_segment Palisade Wall x6 |
| 10:19 | TGT | TheGogs · wall_segment Palisade Wall x4 |
| 10:32 | TGT | TheGogs · wall_segment Palisade Wall x3 |
| 10:34 | Choong-Jang · age_up feudal |
| 11:08 | 秦墨子 · age_up feudal |
| 11:43 | TGT | TheGogs · age_up feudal |
| 11:46 | TGT | Diegote22 · age_up feudal |
| 12:06 | TGT | TheGogs · wall_segment Palisade Wall x1 |
| 12:07 | TGT | TheGogs · wall_segment Palisade Wall x1 |
| 12:07 | TGT | TheGogs · wall_segment Palisade Wall x1 |
| 12:08 | TGT | TheGogs · wall_segment Palisade Wall x1 |
| 12:08 | TGT | TheGogs · wall_segment Palisade Wall x1 |
| 12:08 | TGT | TheGogs · wall_segment Palisade Wall x1 |
| 12:09 | TGT | TheGogs · wall_segment Palisade Wall x1 |
| 12:09 | TGT | TheGogs · wall_segment Palisade Wall x1 |
| 12:09 | TGT | TheGogs · wall_segment Palisade Wall x1 |
| 12:34 | cэsar · first_market_buy 100 food |
| 13:57 | cэsar · age_up castle |
| 14:24 | 秦墨子 · age_up castle |
| 14:33 | Choong-Jang · age_up castle |
| 15:16 | TGT | Diegote22 · age_up castle |
| 15:23 | TGT | Diegote22 · first_building Castle |
| 15:23 | TGT | TheGogs · first_market_buy 100 stone |
| 15:32 | TGT | TheGogs · first_market_sell 100 wood |
| 15:41 | Choong-Jang · first_market_buy 100 wood |
| 16:11 | TGT | Diegote22 · wall_segment Palisade Wall x1 |
| 16:17 | TGT | Diegote22 · wall_segment Palisade Wall x1 |
| 16:39 | TGT | TheGogs · age_up castle |
| 16:42 | 秦墨子 · first_building Barracks |
| 17:16 | TGT | Diegote22 · first_market_buy 100 food |
| 17:34 | 秦墨子 · first_building Archery Range |
| 17:36 | PleaseCarryMe · first_market_buy 100 food |
| 17:39 | PleaseCarryMe · first_market_sell 100 stone |
| 17:44 | TGT | TheGogs · first_building Castle |
| 18:51 | TGT | Diegote22 · first_building Siege Workshop |
| 20:39 | PleaseCarryMe · age_up castle |
| 20:51 | PleaseCarryMe · first_building Castle |
| 21:12 | 秦墨子 · first_building Siege Workshop |
| 21:26 | cэsar · first_building Monastery |
| 22:51 | cэsar · first_building Barracks |
| 23:11 | Choong-Jang · first_building Monastery |
| 24:13 | Choong-Jang · first_market_sell 100 food |
| 24:34 | Choong-Jang · first_building Barracks |
| 25:42 | Choong-Jang · first_building Stable |
| 26:08 | cэsar · age_up imperial |
| 26:17 | cэsar · resign |
[ AI ANALYSIS · 1 CREDIT ]
What really happened in this match?
Wolo.gg analyzes every decision: build order, eco, micro, common mistakes by bracket. Personalized analysis on WhatsApp or Discord in 30 seconds.
Civ guide
Aztecs
Perfil
Jugador #2395770